Map: Efflorescence LE

Players

aNxDevius - Winner!

  • Race: Terran Terran
  • League: Diamond
  • Spawn Location: 12:00

Vrielo - Winner!

  • Race: Zerg Zerg
  • Spawn Location: 3:00

qqq

  • Race: Protoss Protoss
  • League: Platinum
  • Spawn Location: 6:00

Massa

  • Race: Terran Terran
  • League: Platinum
  • Spawn Location: 9:00

VOD

Have the link to the VOD?

Description

Time

  • Played on: Sept. 5, 2020, 4:58 p.m.
  • Length: 15:30
Show
View Real Time Build Order
Export as new Build Order

aNxDevius Terran - Winner!

Build Orders:  

Get SALT Encoding   

  12  0:00  SCV  
  13  0:12  SCV  
  14  0:18  Supply Depot  
  14  0:26  SCV  
  15  0:30  Refinery  
  15  0:40  SCV  
  16  0:46  Barracks  
  16  0:52  SCV  
  16  0:56  Refinery  
  17  1:04  SCV  
  18  1:16  SCV  
  19  1:34  Factory  
  19  1:36  Orbital Command  
  19  1:37  Reaper  
  20  2:03  SCV  
  21  2:15  Reaper  
  23  2:20  Command Center  
  22  2:25  SCV  
  23  2:36  Supply Depot  
  23  2:48  Barracks  
  23  2:57  SCV, Reaper  
  23  2:58  Hellion  
  27  2:59  Supply Depot  
  27  3:11  SCV  
  28  3:19  Hellion  
  30  3:29  Reaper  
  30  3:32  Starport  
  31  3:39  Barracks  
  33  3:41  Hellion  
  33  3:48  Orbital Command  
  33  3:52  SCV  
  34  4:08  Marine  
  34  4:09  Barracks Reactor, Factory Tech Lab  
  35  4:28  Starport Tech Lab  
  35  4:33  Marine  
  35  4:34  Marine  
  35  4:35  Siege Tank  
  35  4:37  SCV x2  
  42  4:39  Supply Depot  
  42  4:47  Banshee  
  42  4:51  Marine  
  44  5:05  Marine x3  
  43  5:07  Siege Tank  
  43  5:09  Marine  
  44  5:23  Marine x3  
  46  5:29  SCV x2, Banshee  
  46  5:33  Marine  
  52  5:39  Siege Tank  
  52  5:42  Marine  
  56  5:45  Supply Depot  
  56  5:48  Supply Depot  
  56  5:49  SCV x2, Marine x2  
  58  5:58  Marine  
  58  6:01  Marine  
  59  6:09  Engineering Bay  
  59  6:10  Engineering Bay  
  59  6:12  Marine x2  
  59  6:14  Siege Tank  
  59  6:15  Banshee  
  67  6:25  Marine x2  
  69  6:30  Marine x2  
  71  6:38  Missile Turret  
  71  6:44  Missile Turret  
  71  6:46  SCV  
  71  6:47  SCV  
  73  6:48  Marine x4  
  66  7:06  Marine x4  
  67  7:24  Marine x3  
  67  7:25  Marine  
  58  7:42  Marine x4  
  58  7:43  Siege Tank  
  62  8:00  Marine x4, Terran Infantry Weapons Level 1  
  62  8:01  Terran Infantry Armor Level 1  
  62  8:02  Barracks  
  62  8:04  Barracks  
  62  8:05  Armory  
  61  8:18  Marine x2  
  60  8:29  Marine x2  
  62  8:35  Marine  
  62  8:36  Marine  
  58  8:47  Cyclone, Marine x2  
  59  8:53  Marine x2  
  61  9:00  Refinery  
  61  9:01  Refinery  
  61  9:05  Marine x2  
  63  9:10  SCV  
  63  9:11  SCV  
  65  9:19  Marine  
  65  9:20  Marine  
  65  9:23  Marine  
  68  9:29  Marine  
  68  9:30  Cyclone  
  72  9:32  Command Center  
  72  9:37  Marine x2  
  72  9:38  SCV, Missile Turret  
  74  9:39  SCV  
  74  9:41  Missile Turret  
  74  9:43  Missile Turret x2  
  76  9:46  Missile Turret  
  76  9:50  SCV  
  77  9:59  Marine x4  
  77  10:14  Terran Infantry Weapons Level 2  
  53  10:15  Terran Infantry Armor Level 2  
  53  10:17  Marine x4  
  47  10:35  Marine x2  
  51  10:37  Barracks Tech Lab  
  51  10:38  Barracks Tech Lab  
  51  10:41  Barracks Reactor  
  50  10:48  Thor  
  55  10:51  Barracks Reactor  
  55  10:52  Starport Reactor  
  55  10:54  Marine x2  
  55  10:56  Combat Shield  
  57  10:57  Stimpack  
  57  11:08  Marine x2  
  59  11:12  SCV x2, Marine  
  59  11:18  Orbital Command  
  62  11:27  Marine x5  
  62  11:28  Marine  
  68  11:37  Thor  
  68  11:39  Viking  
  76  11:40  Viking  
  76  11:43  Marine x2  
  76  11:45  Marine x2  
  82  11:48  SCV x2  
  82  11:49  SCV  
  82  11:52  Marine x2  
  87  12:00  Marine x2  
  87  12:01  Marine x2  
  89  12:05  SCV  
  89  12:06  SCV x2  
  94  12:09  Medivac  
  94  12:10  Medivac  
  94  12:13  Refinery  
  94  12:14  Refinery  
  98  12:17  Supply Depot  
  98  12:19  Supply Depot  
  98  12:20  Supply Depot  
  98  12:21  Marine x3  
  101  12:38  Marine x2  
  101  12:39  Thor  
  101  12:40  Marine x5  
  101  12:41  Supply Depot x2  
  101  12:42  Supply Depot  
  114  12:48  Terran Infantry Weapons Level 3  
  114  12:50  Terran Infantry Armor Level 3  
  114  12:55  Command Center  
  114  13:00  Viking  
  114  13:01  Viking  
  118  13:06  Marine x4  
  118  13:12  Factory  
  122  13:17  Supply Depot  
  122  13:18  Terran Ship Weapons Level 1  
  122  13:19  Marine  
  123  13:20  Marine  
  123  13:23  Marine  
  125  13:27  SCV x3  
  125  13:33  Marine  
  129  13:34  Marine  
  128  13:59  Marine  
  128  14:00  Marine x4  
  128  14:01  Thor  
  128  14:02  Viking x2  
  143  14:03  Marine x3  
  144  14:17  Marine  
  143  14:24  Marine x5  
  143  14:25  Marine x2  
  142  14:35  Marine, Viking x2  
  145  14:44  Thor  
  148  15:08  Marine x7  
Show
View Real Time Build Order
Export as new Build Order

Vrielo Zerg - Winner!

Build Orders: Hatch First 

Get SALT Encoding   

  12  0:00  Drone  
  13  0:12  Overlord  
  13  0:18  Drone  
  14  0:31  Drone x2  
  14  0:34  Drone  
  17  0:47  Drone  
  18  0:58  Hatchery  
  18  1:00  Drone  
  18  1:08  Drone, Extractor  
  18  1:20  Spawning Pool  
  18  1:23  Drone  
  18  1:34  Drone  
  19  1:47  Drone  
  19  1:49  Overlord  
  20  2:05  Drone  
  20  2:07  Queen  
  23  2:11  Zergling x2  
  23  2:12  Queen  
  23  2:14  Drone  
  27  2:21  Drone  
  28  2:34  Drone x3  
  31  2:45  Queen  
  31  2:49  Drone x2  
  35  2:56  Overlord  
  35  3:01  Drone  
  35  3:04  Metabolic Boost  
  36  3:13  Overlord  
  36  3:16  Drone x2  
  36  3:17  Drone x3  
  41  3:20  Lair  
  41  3:32  Extractor  
  40  3:36  Spore Crawler  
  40  3:37  Drone x5  
  40  3:39  Spore Crawler  
  43  3:58  Extractor x2  
  43  4:01  Zergling x18  
  50  4:12  Drone  
  51  4:24  Overlord  
  51  4:25  Drone  
  51  4:26  Overlord  
  51  4:27  Overlord  
  52  4:33  Roach Warren  
  51  4:47  Drone x6  
  57  4:55  Hatchery  
  49  5:33  Roach x7  
  49  5:34  Roach  
  63  5:36  Glial Reconstitution  
  63  5:47  Drone x2  
  65  6:06  Drone  
  65  6:07  Drone  
  65  6:08  Drone x2  
  69  6:14  Hydralisk Den  
  69  6:18  Hatchery  
  67  6:19  Evolution Chamber  
  67  6:22  Evolution Chamber  
  65  6:27  Queen  
  65  6:29  Roach x3  
  65  6:32  Overlord x2  
  71  6:38  Spore Crawler  
  70  6:42  Spore Crawler  
  70  6:46  Zerg Missile Weapons Level 1  
  69  6:48  Zerg Ground Armor Level 1  
  66  7:15  Overlord x4  
  62  7:29  Queen x2  
  64  7:43  Roach x15  
  88  8:05  Drone x4  
  84  8:06  Drone x2  
  84  8:09  Grooved Spines  
  84  8:17  Hydralisk  
  84  8:18  Hydralisk x2  
  90  8:30  Drone x6  
  96  8:41  Overlord x3  
  96  8:42  Overlord x4  
  96  8:43  Overlord  
  96  8:49  Zerg Missile Weapons Level 2, Roach  
  96  8:54  Zerg Ground Armor Level 2  
  96  9:06  Ravager  
  96  9:18  Hydralisk  
  96  9:19  Hydralisk x8  
  96  9:22  Roach  
  111  9:58  Hydralisk x8  
  127  10:04  Overlord x5  
  127  10:12  Drone  
  128  10:17  Extractor x2, Queen  
  128  10:21  Queen  
  128  10:24  Muscular Augments  
  126  11:06  Hydralisk  
  126  11:07  Hydralisk x18  
  102  12:00  Hydralisk  
  102  12:01  Hydralisk x11  
  120  12:15  Hatchery  
  115  12:34  Hydralisk  
  115  12:35  Hydralisk x10  
  135  13:08  Hatchery  
  135  13:09  Infestation Pit  
  133  13:13  Drone x8  
  133  13:14  Drone x6  
  133  13:15  Drone x2  
  133  13:16  Overlord  
  133  13:19  Overlord  
  149  13:30  Drone  
  149  13:31  Drone x2  
  149  13:32  Drone  
  131  13:52  Hydralisk  
  131  13:53  Hydralisk x6  
  119  14:28  Hydralisk  
  119  14:29  Hydralisk x15  
  151  14:36  Queen  
  171  15:28  Extractor  
Show
View Real Time Build Order
Export as new Build Order

qqq Protoss 

Build Orders: Phoenix Opening, Carriers 

Get SALT Encoding   

  12  0:00  Probe  
  13  0:13  Probe  
  14  0:21  Pylon  
  14  0:25  Probe  
  15  0:39  Probe  
  15  0:41  Gateway  
  16  0:52  Pylon  
  16  0:56  Probe  
  17  1:00  Pylon  
  17  1:17  Probe  
  18  1:19  Assimilator  
  18  1:29  Probe, Cybernetics Core  
  19  1:41  Probe  
  20  1:54  Probe  
  21  2:06  Probe  
  22  2:15  Nexus, Stalker (Chrono Boost)  
  21  2:18  Probe  
  24  2:27  Assimilator  
  24  2:30  Probe  
  25  2:42  Probe  
  26  2:54  Probe  
  26  2:56  Stalker  
  29  3:06  Probe  
  29  3:09  Stargate  
  30  3:18  Probe  
  31  3:30  Probe  
  32  3:35  Stargate  
  32  3:38  Forge  
  32  3:39  Pylon  
  32  3:41  Probe  
  33  3:42  Probe  
  34  3:53  Probe, Phoenix  
  34  3:55  Probe  
  38  4:01  Assimilator  
  38  4:05  Probe  
  38  4:07  Probe  
  40  4:17  Probe  
  40  4:18  Phoenix  
  40  4:19  Probe  
  44  4:26  Assimilator  
  44  4:29  Probe  
  44  4:31  Probe  
  46  4:32  Phoenix  
  48  4:41  Probe  
  49  4:47  Phoenix  
  51  4:53  Probe  
  52  5:06  Probe  
  51  5:15  Phoenix x2  
  55  5:33  Probe  
  54  5:38  Photon Cannon  
  54  5:40  Pylon  
  54  5:42  Pylon  
  54  5:45  Pylon  
  54  5:47  Fleet Beacon  
  54  5:48  Stargate  
  54  5:58  Probe, Phoenix  
  54  6:02  Phoenix  
  59  6:08  Probe  
  59  6:10  Probe  
  61  6:23  Phoenix  
  63  6:37  Phoenix x2  
  67  7:00  Phoenix  
  69  7:02  Carrier, Phoenix  
  73  7:39  Photon Cannon  
  73  7:41  Photon Cannon  
  73  7:42  Pylon  
  73  7:44  Pylon  
  73  7:47  Pylon  
  73  7:51  Pylon  
  73  8:00  Carrier (Chrono Boost)  
  79  8:13  Carrier x2 (Chrono Boost)  
  91  8:57  Carrier  
  97  9:12  Nexus  
  97  9:14  Pylon  
  97  9:16  Pylon x2  
  97  9:17  Pylon  
  97  9:19  Pylon x2  
  97  9:28  Pylon, Nexus  
  97  9:32  Carrier x2, Pylon  
  97  9:36  Pylon  
  99  10:01  Carrier  
  99  10:23  Photon Cannon  
  99  10:26  Photon Cannon  
  99  10:28  Photon Cannon  
  99  10:29  Shield Battery  
  99  10:32  Shield Battery  
  99  10:33  Probe  
  100  10:36  Photon Cannon, Carrier  
  106  10:45  Probe  
  106  10:46  Photon Cannon  
  106  10:48  Photon Cannon  
  107  10:51  Photon Cannon  
  107  10:57  Probe  
  108  11:09  Probe  
  109  11:24  Photon Cannon  
  109  11:26  Photon Cannon  
  109  11:29  Photon Cannon  
  107  11:44  Carrier x2  
  119  12:01  Tempest  
  120  12:05  Probe  
  121  12:18  Probe  
  116  12:30  Probe  
  117  12:39  Mothership  
  125  12:45  Robotics Facility  
  125  12:48  Probe x2  
  127  13:00  Probe x2  
  130  13:12  Probe  
  130  13:13  Probe  
  131  13:24  Probe  
  131  13:25  Probe  
  133  13:37  Probe x2  
  129  13:49  Probe x2  
  119  14:05  Shield Battery  
  119  14:06  Shield Battery  
  119  14:08  Photon Cannon  
  119  14:10  Photon Cannon  
  116  14:24  Tempest, Carrier  
  118  14:53  Nexus  
  118  14:54  Pylon  
  118  14:57  Pylon  
  115  15:01  Pylon  
Show
View Real Time Build Order
Export as new Build Order

Massa Terran 

Build Orders: Gas First Reaper Expand 

Get SALT Encoding   

  12  0:00  SCV  
  13  0:12  SCV  
  14  0:21  Supply Depot  
  14  0:24  SCV  
  15  0:31  Refinery  
  15  0:44  Barracks  
  15  0:46  SCV  
  16  0:58  SCV  
  17  1:20  SCV  
  18  1:33  SCV, Reaper  
  20  1:40  Command Center  
  20  1:47  Orbital Command  
  20  2:04  Marine  
  21  2:14  Factory  
  21  2:16  SCV  
  22  2:28  Barracks Reactor, SCV  
  23  2:46  Command Center  
  23  2:49  Supply Depot  
  23  2:51  SCV  
  24  3:12  Hellion x2  
  28  3:16  Barracks Tech Lab  
  28  3:21  Refinery  
  28  3:29  SCV x2  
  30  3:37  Hellion  
  30  3:40  Hellion  
  34  3:41  SCV x2  
  36  3:53  SCV, Orbital Command  
  37  3:58  Hellion, Marine  
  40  4:05  SCV  
  41  4:11  Widow Mine  
  41  4:16  Marine  
  44  4:19  Orbital Command  
  44  4:20  Widow Mine  
  38  4:33  Marine  
  39  4:48  SCV x3, Barracks  
  39  4:51  Marine  
  39  4:54  Widow Mine  
  43  5:00  SCV  
  44  5:07  Widow Mine  
  44  5:13  Stimpack  
  39  5:31  Marine  
  37  5:37  Barracks x2  
  37  5:41  Marine  
  38  5:43  Widow Mine  
  38  5:49  Marine  
  41  5:58  Marine  
  42  6:05  Widow Mine  
  42  6:07  Orbital Command, Marine  
  45  6:15  SCV  
  45  6:16  SCV, Supply Depot  
  47  6:26  Marauder  
  47  6:27  SCV  
  47  6:28  SCV  
  47  6:30  Barracks Reactor  
  47  6:31  Barracks Tech Lab  
  51  6:33  Barracks Reactor  
  51  6:39  SCV  
  52  6:40  SCV  
  53  6:47  Marauder  
  53  6:52  SCV x2  
  53  7:04  SCV x2  
  53  7:05  SCV  
  53  7:08  Marauder, Marine x3  
  59  7:16  Supply Depot  
  59  7:18  Supply Depot  
  54  7:24  Marine x2  
  54  7:25  SCV  
  54  7:26  Marine x3  
  48  7:30  Marauder  
  44  7:37  SCV  
  44  7:41  Marine  
  44  7:42  Marine  
  44  7:43  Marine  
  40  7:44  Marine  
  40  7:51  SCV, Marauder  
  34  7:55  Factory  
  34  7:57  Barracks  
  25  7:59  Barracks  
  25  8:03  SCV  
  19  8:12  Marauder  
  14  8:13  Marine x3  
  14  8:14  Marine  
  14  8:15  SCV  
  14  8:18  SCV  
  19  8:24  Marine  
  13  8:27  SCV  
  13  8:30  SCV, Marine  
  13  8:31  Marine x2  
  13  8:34  Marauder  
  20  8:39  SCV  
  17  8:42  SCV, Marine  
  17  8:47  Barracks  
  16  8:49  Marine  
  16  8:51  Supply Depot  
  16  8:54  Barracks Reactor, SCV  
  16  8:55  Marauder  
  20  8:59  Marine  
  20  9:01  SCV  
  22  9:06  SCV  
  22  9:07  SCV, Marine  
  25  9:13  SCV  
  25  9:16  Marauder  
  28  9:18  SCV  
  28  9:19  SCV  
  28  9:20  Factory Tech Lab  
  30  9:25  SCV  
  30  9:27  Supply Depot  
  30  9:30  Supply Depot  
  31  9:35  Barracks Reactor  
  31  9:38  SCV, Marauder  
  34  9:41  Barracks Tech Lab  
  34  9:43  Barracks Reactor, Barracks Tech Lab  
  34  9:44  Marine x2  
  34  9:45  Marine x2  
  38  9:48  SCV x2  
  38  9:50  SCV  
  40  9:59  Marauder  
  41  10:00  SCV x2  
  41  10:02  SCV, Marine  
  43  10:12  SCV x2  
  46  10:14  SCV  
  46  10:21  Marauder  
  48  10:24  SCV x2  
  48  10:26  SCV  
  51  10:32  Factory  
  51  10:35  Refinery  
  47  10:36  SCV  
  47  10:40  Marauder, Marine x4  
  47  10:41  Marine x3  
  47  10:42  Marauder  
  55  10:52  SCV x2  
  55  10:53  Orbital Command  
  52  10:58  Marine x5  
  52  11:03  Marauder  
  55  11:04  SCV  
  55  11:08  Marauder  
  55  11:09  Marine  
  60  11:15  Marine  
  60  11:17  Factory Tech Lab  
  60  11:22  Combat Shield  
  55  11:46  Marauder, Marine x6  
  57  12:03  Marine  
  58  12:20  Engineering Bay  
  58  12:23  Armory  
  58  12:33  Refinery  
  58  12:35  Refinery  
  58  12:37  Siege Tank  
  58  12:42  Orbital Command  
  61  12:44  Marine  
  61  12:45  Marauder, Marine x5  
  69  13:12  Supply Depot  
  69  13:13  Supply Depot  
  69  13:16  Missile Turret  
  69  13:22  Terran Infantry Weapons Level 1  
  69  13:33  Marine x6  
  69  13:34  Marauder  
  77  13:35  Supply Depot  
  77  13:37  Supply Depot  
  77  13:41  SCV x3  
  80  13:51  Marine x4  
  80  13:53  SCV  
  85  13:57  SCV x2  
  85  13:59  Supply Depot x2  
  87  14:03  Supply Depot  
  87  14:04  Siege Tank, Supply Depot x2  
  84  14:23  Supply Depot x2  
  46  14:24  Marauder  
  46  14:25  Marauder, Marine  
  46  14:29  Supply Depot x2  
  50  14:42  Marine  
  50  14:43  Marine x2  
  50  14:44  Marine  
  54  14:46  Marauder x2  
  46  15:00  Marine  
  46  15:01  Marine  
  46  15:05  Command Center  
  43  15:13  Barracks  
  43  15:14  Barracks  
  36  15:15  Barracks  
Tags
 
Add a new tag
Caveats
  • Supply blocks, unpowered buildings, or Contaminate may cause inaccurate times.
  • Supply counts are checked every 10 seconds.